 Dungeon Crawl Stone Soup version 0.29-a0-323-g050149af67 (webtiles) character file.

Game seed: 5833095336427309793

28 spaghetti the Magician (level 2, -2/30 HPs)
             Began as a Demigod Fire Elementalist on Apr 11, 2022.
             Slain by Sigmund
             ... wielding a +0 scythe
              (7 damage)
             ... on level 2 of the Dungeon.
             The game lasted 00:01:48 (1441 turns).

spaghetti the Magician (Demigod Fire Elementalist)  Turns: 1441, Time: 00:01:48

Health: -2/30      AC: 21    Str:  9    XL:     2   Next: 78%
Magic:  8/8        EV:  2    Int: 17    God:
Gold:   70         SH:  5    Dex: 14    Spells: 6/7 levels left

rFire   . . .      SeeInvis .   i - +0 quarterstaff {staff}
rCold   . . .      Faith    .   (shield currently unavailable)
rNeg    . . .      Spirit   .   (body armour currently unavailable)
rPois   +          Reflect  +   (helmet currently unavailable)
rElec   .          Harm     .   (cloak currently unavailable)
rCorr   .          Rampage  .   (gloves currently unavailable)
Will    .....      NoTele   +   (boots currently unavailable)
Stlth   ++........              m - amulet of reflection
HPRegen 0.10/turn               (no ring)
MPRegen 0.11/turn               (no ring)

@: brilliant, tree-form, very slightly contaminated
A: stationary, stasis, torment immunity, boosted hp, high MP 1, forlorn, divine
attributes
a: no special abilities


You were on level 2 of the Dungeon.
You were a tree.
You visited 1 branch of the dungeon, and saw 2 of its levels.

You collected 70 gold pieces.


Innate Abilities, Weirdness & Mutations

You are a tree.
Your roots penetrate the ground, keeping you stationary.
You cannot be teleported.
You are immune to unholy pain and torment.
Your maximum health is greatly increased.
Your equipment is partially melded.
You have an increased reservoir of magic. (+10% MP)
You shall have no god before yourself.
Your divine heritage dramatically boosts your attributes as you level up.


   Skills:
 - Level 1.7 Dodging
 - Level 1.7 Stealth
 + Level 3.0 Spellcasting
 - Level 0.8 Conjurations
 - Level 2.6 Fire Magic


You had 6 spell levels left.
You knew the following spells:

 Your Spells              Type           Power      Damage    Failure   Level
a - Foxfire               Conj/Fire      48%        2x1d6     9%          1

Your spell library contained the following spells:

 Spells                   Type           Power      Damage    Failure   Level
 Scorch                   Fire           34%        2d7       9%          2
 Conjure Flame            Conj/Fire      12%        6-21      26%         3
 Inner Flame              Hex/Fire       10%        N/A       30%         3
 Flame Wave               Conj/Fire      12%        2d6       63%         4

Inventory:

Hand Weapons
 d - a +0 dagger {short}
   (You took it off a kobold on level 1 of the Dungeon)
 h - a +0 short sword {short}
   (You took it off a kobold on level 1 of the Dungeon)
 i - a +0 quarterstaff (weapon) {staff}
   (You found it on level 1 of the Dungeon)
Missiles
 e - 35 stones {throwing}
 g - 3 poisoned darts {throwing}
Armour
 a - a +0 robe (melded)
Jewellery
 m - an amulet of reflection (around neck)
   (You found it on level 1 of the Dungeon)
Scrolls
 c - a scroll of acquirement {unknown}
 f - 2 scrolls of identify {unknown}
 j - a scroll of noise {unknown}

Dungeon Overview and Level Annotations

Branches:
Dungeon (2/15)

Annotations:
D:2 Sigmund

..# #.#. #.# #.#. #.#
#.#.
##############.#######.#.
...)................#....
#######.######.####......
#)# #.# ###....
#.######.#######.#.
#.♣.........<....†.
#.###..............
#....@†.................
#.####.#.#.#.#######.###
#.#.# #. #.# #.. . #.#
### .. #.# .. #.# .#. #.#


You could see Sigmund (strong).


Message History

A dart slug is nearby!
A dart slug is nearby!
Casting: Foxfire (safe; 9% risk of failure)
Confirm with . or Enter, or press ? or * to list all spells.
You conjure some foxfire! 😎 MP[-1]
You lost 1 mp, and now have 7/8 mp.
Casting: Foxfire (safe; 9% risk of failure)
Confirm with . or Enter, or press ? or * to list all spells.
There is not enough space to conjure foxfire!
Casting: Foxfire (safe; 9% risk of failure)
Confirm with . or Enter, or press ? or * to list all spells.
There is not enough space to conjure foxfire!
Unknown command.
Sigmund the Dreaded comes into view.
He is wielding a +0 scythe.
Sigmund shouts!
Casting: Foxfire (safe; 9% risk of failure)
Confirm with . or Enter, or press ? or * to list all spells.
You conjure some foxfire! 😎 MP[-1]
You lost 1 mp, and now have 6/8 mp.
Casting: Foxfire (safe; 9% risk of failure)
Confirm with . or Enter, or press ? or * to list all spells.
You conjure some foxfire!
The foxfire hits the dart slug.
The dart slug launches a dart at you. The slug dart misses you.
The slug dart hits your foxfire. 😎 MP[-1]
You lost 1 mp, and now have 5/8 mp.
Casting: Foxfire (safe; 9% risk of failure)
Confirm with . or Enter, or press ? or * to list all spells.
You miscast Foxfire.
You are very lightly contaminated with residual magic.
Nothing appears to happen.
The foxfire hits the dart slug.
Sigmund hits you from afar with a +0 scythe. 😮 HP[-5] MP[-1]
You take 5 damage, and now have 15/20 hp.
MASSIVE DAMAGE!! (PAUSE)
You lost 1 mp, and now have 4/8 mp.
Casting: Foxfire (safe; 9% risk of failure)
Confirm with . or Enter, or press ? or * to list all spells.
You conjure some foxfire!
The dart slug closely misses you. 😮 MP[-1]
You lost 1 mp, and now have 3/8 mp.
Casting: Foxfire (safe; 9% risk of failure)
Confirm with . or Enter, or press ? or * to list all spells.
There is not enough space to conjure foxfire!
Unknown command.
You sock the dart slug!
You kill the dart slug!
The foxfire hits Sigmund. x2
Sigmund drinks a potion.
Sigmund seems to grow stronger.
Your Spellcasting skill increases to level 3! 😕 HP[+1] MP[+1]
Casting: Foxfire (safe; 9% risk of failure)
Confirm with . or Enter, or press ? or * to list all spells.
You conjure some foxfire!
Sigmund breathes a few words.
Sigmund's hands start flickering wildly.
Sigmund barely misses you. 😕 MP[-1]
You lost 1 mp, and now have 3/8 mp.
Unknown command.
Casting: Foxfire (safe; 9% risk of failure)
Confirm with . or Enter, or press ? or * to list all spells.
You conjure some foxfire!
The foxfire hits Sigmund.
The foxfire hits Sigmund but does no damage.
You block Sigmund's attack. 😕 MP[-1]
You lost 1 mp, and now have 2/8 mp.
Unknown command.
Casting: Foxfire (safe; 9% risk of failure)
Confirm with . or Enter, or press ? or * to list all spells.
You miscast Foxfire.
Nothing appears to happen.
The foxfire hits Sigmund but does no damage. 😕 MP[-1]
You lost 1 mp, and now have 1/8 mp.
Casting: Foxfire (safe; 9% risk of failure)
Confirm with . or Enter, or press ? or * to list all spells.
You conjure some foxfire!
Sigmund hits you from afar with a +0 scythe!
* * * LOW HITPOINT WARNING * * *
😨 HP[-8] MP[-1]
You take 8 damage, and now have 8/20 hp.
MASSIVE DAMAGE!! (PAUSE)
You lost 1 mp, and now have 0/8 mp.
The foxfire hits Sigmund. x3
Sigmund screams, "Die, monster!"
It was a potion of lignification.
You turn into a tree.
Your +0 robe melds into your body.
Your roots penetrate the ground.
Sigmund hits you from afar with a +0 scythe!
* * * LOW HITPOINT WARNING * * *
😱 HP[-3]
You now have 30 max hp (+10).
It was a potion of brilliance.
You feel clever all of a sudden. Magic courses through your body.
Sigmund hits you from afar with a +0 scythe!
You die...

Skill      XL: |  1  2 |
---------------+-------+-----
Spellcasting   | 2 3 |  3.0
Dodging        | |  1.7
Stealth        | |  1.7
Conjurations   | |  0.8
Fire Magic     | |  2.6

Action                   || total
-------------------------++-------
Melee: Unarmed           ||     7
       Quarterstaff      ||     3
 Cast: Foxfire           ||    66
  Use: Potion            ||     3
Armor: Robe              ||     4
Dodge: Dodged            ||    22
Block: Other             ||     2

Levels and vault maps discovered:
D:1:      dpeg_arrival_pits, layout_loops_ring, shapermc_ecumenical_altar_petra
D:2:      layout_loops_ring, uniq_sigmund

Notes
Turn   | Place    | Note
-------+----------+-------------------------------------------
     0 | D:1      | spaghetti the Demigod Fire Elementalist began the quest for
                  | the Orb.
     0 | D:1      | Reached XP level 1. HP: 14/14 MP: 5/5
     0 | D:1      | magus.rc [v1.9.6]
    92 | D:1      | HP: 3/14 [bat (1)]
    94 | D:1      | Reached skill level 2 in Spellcasting
   650 | D:1      | Reached XP level 2. HP: 20/20 MP: 2/8
  1314 | D:1      | You fall into a shaft and drop 1 floor!
  1428 | D:2      | Noticed Sigmund
  1434 | D:2      | Reached skill level 3 in Spellcasting
  1439 | D:2      | HP: 5/30 [Sigmund/+0 scythe (7)]
  1441 | D:2      | Slain by Sigmund

Vanquished Creatures
  3 dart slugs
  3 ball pythons
  2 endoplasms (D:1)
  A goblin (D:1)
  2 hobgoblins
  5 kobolds
  4 bats (D:1)
  A rat (D:1)
21 creatures vanquished.

Vanquished Creatures (others)
  88 foxfires
88 creatures vanquished.

Grand Total: 109 creatures vanquished

Table legend:
 A = Non-vault XP
 B = Vault XP
 C = Vault XP percentage of total XP
 D = Non-vault monster count
 E = Vault monster count
 F = Vault count percentage of total count
                 A         B        C        D         E       F
            +---------+---------+-------+---------+---------+-------
      Total |      41 |       0 |   0.0 |      21 |       0 |   0.0
            +---------+---------+-------+---------+---------+-------
        D:1 |      32 |       0 |   0.0 |      17 |       0 |   0.0
        D:2 |       9 |       0 |   0.0 |       4 |       0 |   0.0
            +---------+---------+-------+---------+---------+-------

Illustrated notes

Table legend:
 A = Kills in this place as a percentage of kills in entire the game.
 B = Kills by you in this place as a percentage of kills by you in the entire game.
 C = Kills by friends in this place as a percentage of kills by friends in the entire game.
 D = Other kills in this place as a percentage of other kills in the entire game.
 E = Experience gained in this place as a percentage of experience gained in the entire game.
 F = Experience gained in this place divided by the number of levels of this place that you have seen.
                   A       B       C       D       E      F
               +-------+-------+-------+-------+-------+----------------------
         Total | 100.0 | 100.0 |   N/A |   N/A | 100.0 |  20.5
       Dungeon | 100.0 | 100.0 |   N/A |   N/A | 100.0 |  20.5
               +-------+-------+-------+-------+-------+----------------------

Table legend: (Time is in decaauts)
 A = Elapsed time spent in this place.
 B = Non-inter-level travel time spent in this place.
 C = Inter-level travel time spent in this place.
 D = Time resting spent in this place.
 E = Time spent auto-exploring this place.
 F = Levels seen in this place.
 G = Mean time per level.
                   A        B        C        D        E       F      G
               +--------+--------+--------+--------+--------+-----+--------+
         Total |   1441 |   1441 |      0 |    146 |   1129 |   2 |  720.5 |
       Dungeon |   1441 |   1441 |      0 |    146 |   1129 |   2 |  720.5 |
               +--------+--------+--------+--------+--------+-----+--------+

Top non-repeatable levels by time:
     D:1: 1314 daAuts
     D:2: 127 daAuts
